 Dungeon Crawl Stone Soup version 0.23.2-33-g5129a83184 (webtiles) character file.

Game seed: 2953002627659526178

50 troglodite the Grasshopper (level 3, -7/31 HPs)
             Began as a Gnoll Warper on July 25, 2019.
             Mangled by Sigmund
             ... wielding a +0 scythe
              (11 damage)
             ... on level 2 of the Dungeon.
             The game lasted 00:04:29 (1734 turns).

troglodite the Grasshopper (Gnoll Warper)           Turns: 1734, Time: 00:04:29

Health: -7/31      AC:  7    Str: 13    XL:     3   Next: 79%
Magic:  9/9        EV: 11    Int: 15    God:
Gold:   7          SH:  0    Dex: 15    Spells: 10/12 levels left

rFire    . . .     SeeInvis .   a - +0 spear
rCold    . . .     Gourm    +   (no shield)
rNeg     . . .     Faith    .   p - +0 scale mail
rPois    .         Spirit   .   i - +0 helmet
rElec    .         Reflect  .   (no cloak)
rCorr    .         Harm     .   (no gloves)
MR       .....                  (no boots)
Stlth    ..........             c - amulet of the gourmand
HPRegen  0.10/turn              (no ring)
MPRegen  0.11/turn              (no ring)

@: no status effects
A: distributed training, fangs 1, strong nose
a: no special abilities


You were on level 2 of the Dungeon.
You were very full.

You visited 1 branch of the dungeon, and saw 2 of its levels.

You collected 7 gold pieces.

Inventory:

Hand Weapons
 a - a +0 spear (weapon)
Armour
 i - a +0 helmet (worn)
 p - a +0 scale mail (worn)
Jewellery
 c - an amulet of the gourmand (around neck)
Scrolls
 g - a scroll of teleportation {unknown}
 h - 2 scrolls of identify {unknown}
 j - a scroll of amnesia {unknown}
 k - 2 scrolls of fog {unknown}
 m - a scroll of remove curse {unknown}
 n - a scroll of noise {unknown}
Potions
 l - a potion of curing {unknown}
 o - a potion of degeneration {unknown}
Comestibles
 b - 3 chunks of flesh
 f - 3 rations


   Skills:
 + Level 4.5 Fighting
 + Level 0.9 Short Blades
 + Level 0.9 Long Blades
 + Level 0.9 Axes
 + Level 0.9 Maces & Flails
 + Level 4.5 Polearms
 + Level 0.9 Staves
 + Level 0.9 Slings
 + Level 0.9 Bows
 + Level 0.9 Crossbows
 + Level 2.6 Throwing
 + Level 2.6 Armour
 + Level 4.5 Dodging
 + Level 0.9 Stealth
 + Level 0.9 Shields
 + Level 0.9 Unarmed Combat
 + Level 5.0 Spellcasting
 + Level 0.6 Conjurations
 + Level 0.6 Hexes
 + Level 0.6 Charms
 + Level 0.6 Summonings
 + Level 0.6 Necromancy
 + Level 5.4 Translocations
 + Level 0.6 Transmutations
 + Level 0.6 Fire Magic
 + Level 0.6 Ice Magic
 + Level 0.6 Air Magic
 + Level 0.6 Earth Magic
 + Level 0.6 Poison Magic
 + Level 1.0 Invocations
 + Level 0.9 Evocations


You had 10 spell levels left.
You knew the following spells:

 Your Spells              Type           Power        Failure   Level  Hunger
a - Blink                 Tloc           N/A          12%         2    ##.....

Your spell library contained the following spells:

 Spells                   Type           Power        Failure   Level  Hunger
 Gell's Gravitas          Tloc           ###.......   24%         3    ###....
 Lesser Beckoning         Tloc           ###.......   24%         3    ###....
 Teleport Other           Tloc           ###.....     24%         3    ###....
 Shroud of Golubria       Chrm/Tloc      ##........   32%         2    ##.....
 Passage of Golubria      Tloc           N/A          61%         4    ####...


Dungeon Overview and Level Annotations

Branches:
Dungeon (2/15)

Altars:
Kikubaaqudgha

Annotations:
D:2 Sigmund


Innate Abilities, Weirdness & Mutations

Your experience applies equally to all skills.
You have very sharp teeth.
Your uncanny sense of smell can sniff out nearby items.


Message History

You kill the worm!
Something hits you but does no damage.
Things that are here:
a +0 club; a hobgoblin skeleton You hit something but do no damage.
Something hits you.
You closely miss something. You bite something. Something hits you.
Throwing (i - inventory)
e - 3 tomahawks of dispersal (quivered)
Press: ? - help, Shift-Dir - straight line, f - frilled lizard
Aim: a frilled lizard You throw a tomahawk of dispersal.
Throwing (i - inventory)
e - 2 tomahawks of dispersal (quivered)
Press: ? - help, Shift-Dir - straight line, p - frilled lizard You throw a tomahawk of dispersal.
Something hits you!
* * * LOW HITPOINT WARNING * * *
Throwing (i - inventory)
e - a tomahawk of dispersal (quivered)
Press: ? - help, Shift-Dir - straight line You throw a tomahawk of dispersal.
The frilled lizard bites you but does no damage.
Something hits you!
You die...

####.##....##. ....##
#..........#####...#
##.######.##...##.# # #.#
#.#.8.8.#.# # #.# ##.#.._..#.#
# ##.# #..#.8...#.#
####..#####..##...'#.#+
.......<......#####...#####.##
###.#######...{.@l..⌠........#
###.# #...#####...#####..#
#...# #..## +#)#+ ..### ####
#{# .## #.# ## #l# ## #.#
.##### ... ...... #..


You could see a frilled lizard.

Vanquished Creatures
  2 adders
  A worm (D:2)
  A dart slug (D:1)
  2 leopard geckos
  A bat (D:1)
  2 giant cockroaches (D:1)
  3 goblins
  4 hobgoblins
  A kobold (D:1)
  A ball python (D:1)
  2 frilled lizards
  5 rats (D:1)
25 creatures vanquished.

Notes
Turn   | Place    | Note
-------+----------+-------------------------------------------
     0 | D:1      | troglodite the Gnoll Warper began the quest for the Orb.
     0 | D:1      | Reached XP level 1. HP: 20/20 MP: 6/6
    93 | D:1      | Reached XP level 2. HP: 17/26 MP: 7/7
   379 | D:1      | Learned a level 2 spell: Blink
   870 | D:1      | Reached skill level 5 in Spellcasting
   870 | D:1      | Reached XP level 3. HP: 6/31 MP: 5/9
  1178 | D:2      | Reached skill level 1 in Invocations
  1693 | D:2      | Found an ancient bone altar of Kikubaaqudgha.
  1699 | D:2      | Noticed Sigmund
  1734 | D:2      | Mangled by Sigmund

Skill      XL: |  1  2  3 |
---------------+----------+-----
Spellcasting   | 5 |  5.0
Invocations    | 1 |  1.0
Fighting       | |  4.5
Short Blades   | |  0.9
Long Blades    | |  0.9
Axes           | |  0.9
Maces & Flails | |  0.9
Polearms       | |  4.5
Staves         | |  0.9
Slings         | |  0.9
Bows           | |  0.9
Crossbows      | |  0.9
Throwing       | |  2.6
Armour         | |  2.6
Dodging        | |  4.5
Stealth        | |  0.9
Shields        | |  0.9
Unarmed Combat | |  0.9
Conjurations   | |  0.6
Hexes          | |  0.6
Charms         | |  0.6
Summonings     | |  0.6
Necromancy     | |  0.6
Translocations | |  5.4
Transmutations | |  0.6
Fire Magic     | |  0.6
Ice Magic      | |  0.6
Air Magic      | |  0.6
Earth Magic    | |  0.6
Poison Magic   | |  0.6
Evocations     | |  0.9

Action                   || total
-------------------------++-------
Melee: Spear             ||   120
       Bite              ||    13
Throw: Tomahawk          ||     5
 Cast: Blink             ||     1
  Use: Scroll            ||     1
 Stab: Sleeping          ||     2
  Eat: Chunk             ||    12
Armor: Scale mail        ||    39
       Leather armour    ||     8
Dodge: Dodged            ||    64
